 Dungeon Sprint DCSS version 0.29-a0-563-g64e4043184 (webtiles) character file.

Game seed: 1183953566598390513

24938 mhtbhm the Brawler (level 13, -15/117 HPs)
             Began as a Formicid Transmuter on June 11, 2022.
             Was an Initiate of Gozag.
             Shot with an arrow by Nessos (22 damage)
             ... in the Dungeon (Sprint IX: "|||||||||||||||||||||||||||||").
             The game lasted 00:09:09 (5067 turns).

mhtbhm the Brawler (Formicid Transmuter)            Turns: 5067, Time: 00:09:09

Health: -15/117    AC: 10    Str: 25    XL:     13   Next: 46%
Magic:  29/29      EV: 16    Int: 12    God:    Gozag
Gold:   8650       SH:  0    Dex: 11    Spells: 21/37 levels left

rFire   . . .      SeeInvis +     - Unarmed
rCold   + . .      Faith    .   (no shield)
rNeg    + . .      Spirit   .   a - +4 robe of Awe {Contam rN+ Str+4}
rPois   +          Reflect  .   (helmet unavailable)
rElec   .          Harm     .   h - +0 cloak
rCorr   .          Rampage  .   y - +1 pair of gloves
Will    +....                   i - +0 pair of boots
Stlth   +++++.....              (no amulet)
HPRegen 0.29/turn               u - ring of protection from cold
MPRegen 0.21/turn               w - ring of poison resistance

@: no status effects
A: permanent stasis, dig shafts and tunnels, antennae 3, four strong arms
a: Dig, Renounce Religion, Potion Petition, Call Merchant, Bribe Branch


You were in the Dungeon.
You worshipped Gozag.
Gozag was greatly pleased with you.
You visited 1 branch You collected 11177 gold pieces.
You spent 1308 gold pieces at shops.
You paid 1219 gold pieces to Gozag.

Inventory:

Armour
 a - the +4 robe of Awe (worn) {Contam rN+ Str+4}
   (You bought it in a shop in the Dungeon)

   Str:       It affects your strength (+4).
   rN:        It protects you from negative energy.
   Contam:    It causes magical contamination when unequipped.
 h - a +0 cloak (worn)
 i - a +0 pair of boots (worn)
 r - a +0 pair of gloves
 y - a +1 pair of gloves (worn)
Jewellery
 u - a ring of protection from cold (left hand)
 v - a ring of willpower
 w - a ring of poison resistance (right hand)
 x - a ring of fire
Scrolls
 f - 2 scrolls of amnesia
 m - a scroll of fear
 n - 4 scrolls of identify
 o - 2 scrolls of enchant armour
 p - 2 scrolls of fog
 q - a scroll of brand weapon
Potions
 b - 8 potions of heal wounds
 c - 7 potions of curing
 d - a potion of flight
 e - 4 potions of magic
 l - 3 potions of mutation
 s - a potion of might


   Skills:
 * Level 15.9 Fighting
 + Level 10.5 Dodging
 + Level 11.9 Stealth
 + Level 20.7 Unarmed Combat
 + Level 12.7 Spellcasting
 + Level 12.5 Transmutations
 + Level 5.4 Ice Magic
 + Level 4.1 Earth Magic
 + Level 4.8 Evocations


You had 21 spell levels left.
You knew the following spells:

 Your Spells              Type           Power      Damage    Failure   Level
a - Beastly Appendage     Tmut           74%        N/A       1%          1
b - Wereblood             Tmut           37%        N/A       1%          2
c - Spider Form           Tmut/Pois      22%        N/A       1%          3
d - Ice Form              Ice/Tmut       29%        N/A       2%          4
e - Statue Form           Tmut/Erth      18%        N/A       41%         6

Your spell library contained the following spells:

 Spells                   Type           Power      Damage    Failure   Level
 Ignite Poison            Fire/Tmut/Pois 17%        N/A       4%          3
 Yara's Violent Unravell  Hex/Tmut       11%        3d6       19%         5
 Leda's Liquefaction      Hex/Erth       6%         N/A       36%         4
 Lee's Rapid Deconstruct  Erth           8%         3d8*      41%         5
 Eringya's Noxious Bog    Tmut/Pois      11%        N/A       71%         6


Dungeon Overview and Level Annotations

Branches:
Dungeon (1/1)

Altars:
Cheibriados
Dithmenos
Elyvilon
Fedhas
Gozag
Hepliaklqana
Kikubaaqudgha
Makhleb
Nemelex Xobeh
Okawaru
Qazlal
Ru
Sif Muna
Trog
Uskayaw
Vehumet
Wu Jian
Xom
Yredelemnul
Zin
The Shining One
Beogh
Jiyva
Lugonu

Shops:
D (!([::

Annotations:
D Nessos


Innate Abilities, Weirdness & Mutations

You cannot be hasted, slowed, berserked, paralysed or teleported.
You can dig through walls and to a lower floor.
You have a pair of large antennae on your head. (SInv)
Your four strong arms can wield two-handed weapons with a shield.


Message History

Nessos intently looks at you, slowly moving their tail.
Nessos unwields a +3 longbow of flaming.
It stops flaming.
Nessos hits you. Nessos kicks you but does no damage.
You hit Nessos but do no damage. Nessos closely misses you. x2
You pummel Nessos!! You punch Nessos, but do no damage.
Nessos is heavily wounded.
Nessos casts a spell.
Nessos blinks!
Nessos wields a +3 longbow of flaming.
It bursts into flame!
Nessos shoots an arrow.
The arrow hits you! The arrow burns you.
You are poisoned.
You feel very sick.
Nessos shoots an arrow.
The arrow hits you but does no damage.
Nessos shoots an arrow.
The arrow misses you.
You feel very sick.
Nessos shoots an arrow.
The arrow misses you.
You feel sick.
Nessos stands on their hind legs for a moment.
Nessos casts a spell.
Nessos blinks!
Nessos mumbles some strange words.
Nessos seems to speed up.
You feel sick.
Nessos shoots an arrow.
The arrow hits you!! The arrow burns you.
* * * LOW HITPOINT WARNING * * *
Nessos pounds the earth with their hooves.
Nessos shoots an arrow.
The arrow hits you!
* * * LOW HITPOINT WARNING * * *
The arrow burns you.
* * * LOW HITPOINT WARNING * * *
Unknown command.
Okay, then.
You feel better.
Nessos shoots an arrow.
The arrow closely misses you.
Nessos shoots an arrow.
The arrow hits you!
* * * LOW HITPOINT WARNING * * *
The arrow burns you.
* * * LOW HITPOINT WARNING * * *
Nessos shoots an arrow.
The arrow hits you!!
You die...
Your body crumbles into a pile of gold.

▓▓▓▓▓▓▓▓▓▓▓▓▓▓▓
▓<▓...▓...▓...▓..
▓.▓.▓.▓.▓.▓.▓.▓.▓
▓.▓.▓.▓.▓.▓.▓.▓.▓
▓.▓.▓.▓.▓.▓.▓.▓.▓
▓÷▓.▓.▓.▓.▓.▓.▓.▓
▓÷▓.▓.▓.▓)▓.▓.▓.▓
▓.▓.▓.▓.▓.▓.▓.▓.▓
▓.▓.▓'▓.▓.▓.▓.▓@▓
▓.▓.▓.▓.▓.▓.▓.▓.▓
▓.▓.▓!▓.▓.▓.▓'▓c▓
▓†▓.▓.▓.▓)▓.▓.▓.▓
▓.▓.▓.▓.▓.▓.▓.▓.▓
▓.▓.▓!▓.▓.▓.▓.▓.▓
▓.▓.▓.▓.▓'▓.▓.▓.▓
▓.▓.▓|▓.▓)▓.▓.▓.▓
{
▓.▓.▓)▓.▓)▓.▓)▓.▓


You could see Nessos (fast).

Vanquished Creatures
  Gastronok (D)
  A stone giant (D)
  A dire elephant (D)
  An ettin (D)
  A fire dragon (D)
  Josephine (D)
  2 rakshasas (D)
  A hydra (D)
  A boulder beetle (D)
  A death knight (D)
  2 centaur warriors (D)
  A death yak (D)
  A vampire mage (D)
  Urug (D)
  An orc high priest (D)
  A flayed ghost (D)
  2 wizards (D)
  4 orc knights (D)
  6 orc sorcerers (D)
  A deep elf pyromancer (D)
  An ugly thing (D)
  7 elephants (D)
  A cane toad (D)
  An efreet (D)
  2 komodo dragons (D)
  2 trolls (D)
  A meliai (D)
  A blink frog (D)
  A slime creature (D)
  6 yaks (D)
  Eustachio (D)
  3 wraiths (D)
  A basilisk (D)
  4 water moccasins (D)
  A black bear (D)
  9 orc warriors (D)
  A wolf (D)
  A phantom (D)
  2 bullfrogs (D)
  A wight (D)
  6 orc priests (D)
  An iguana (D)
  2 orc wizards (D)
  An adder (D)
  An ufetubus (D)
  11 orcs (D)
  A ball python (D)
  An endoplasm (D)
  A giant cockroach (D)
  A frilled lizard (D)
  A rat (D)
105 creatures vanquished.

Vanquished Creatures (others)
  2 manticores (D)
  A troll (D)
3 creatures vanquished.

Grand Total: 108 creatures vanquished

Notes
Turn   | Place    | Note
-------+----------+-------------------------------------------
     0 | D        | mhtbhm the Formicid Transmuter began the quest for the Orb.
     0 | D        | Reached XP level 1. HP: 15/15 MP: 3/3
     9 | D        | Banished a spatial maelstrom
   144 | D        | Noticed a black bear
   144 | D        | Noticed an iguana
   144 | D        | Noticed a phantom
   147 | D        | Reached skill level 4 in Unarmed Combat
   147 | D        | Reached XP level 2. HP: 21/21 MP: 4/6
   148 | D        | Killed a black bear
   149 | D        | Reached skill level 7 in Unarmed Combat
   149 | D        | Reached XP level 3. HP: 26/26 MP: 5/9
   149 | D        | Reached XP level 4. HP: 32/32 MP: 5/10
   149 | D        | Reached XP level 5. HP: 37/37 MP: 5/11
   156 | D        | Killed a phantom
   157 | D        | Reached skill level 9 in Unarmed Combat
   157 | D        | Reached skill level 5 in Spellcasting
   157 | D        | Reached XP level 6. HP: 42/43 MP: 7/14
   266 | D        | Found a snail-covered altar of Cheibriados.
   266 | D        | Found a shadowy altar of Dithmenos.
   266 | D        | Found a white marble altar of Elyvilon.
   266 | D        | Found a blossoming altar of Fedhas.
   266 | D        | Found an opulent altar of Gozag.
   267 | D        | Found a hazy altar of Hepliaklqana.
   268 | D        | Found a viscous altar of Jiyva.
   269 | D        | Found an ancient bone altar of Kikubaaqudgha.
   270 | D        | Found a corrupted altar of Lugonu.
   271 | D        | Found a burning altar of Makhleb.
   272 | D        | Found a sparkling altar of Nemelex Xobeh.
   273 | D        | Found an iron altar of Okawaru.
   274 | D        | Became a worshipper of Gozag Ym Sagoz the Greedy
   278 | D        | Learned a level 2 spell: Wereblood
   282 | D        | Learned a level 3 spell: Spider Form
   287 | D        | Learned a level 4 spell: Ice Form
   287 | D        | Found a stormy altar of Qazlal.
   288 | D        | Found a sacrificial altar of Ru.
   289 | D        | Found a shimmering blue altar of Sif Muna.
   290 | D        | Found a bloodstained altar of Trog.
   291 | D        | Found a hide-covered altar of Uskayaw.
   292 | D        | Found a radiant altar of Vehumet.
   293 | D        | Found an ornate altar of the Wu Jian Council.
   294 | D        | Found a shimmering altar of Xom.
   295 | D        | Found a basalt altar of Yredelemnul.
   296 | D        | Found a glowing silver altar of Zin.
   297 | D        | Found a glowing golden altar of the Shining One.
   337 | D        | Noticed a yak
   337 | D        | Noticed a yak
   337 | D        | Noticed a troll
   337 | D        | Noticed a troll
   337 | D        | Noticed an orc warrior
   341 | D        | Killed a yak
   342 | D        | Reached skill level 10 in Unarmed Combat
   342 | D        | Reached skill level 5 in Transmutations
   347 | D        | Killed a yak
   348 | D        | Reached skill level 5 in Dodging
   348 | D        | Reached XP level 7. HP: 53/55 MP: 9/16
   353 | D        | Reached skill level 1 in Stealth
   353 | D        | Reached skill level 11 in Unarmed Combat
   356 | D        | Killed a troll
   357 | D        | Reached skill level 12 in Unarmed Combat
   357 | D        | Reached XP level 8. HP: 41/64 MP: 10/18
   365 | D        | Killed a troll
   703 | D        | Noticed a manticore
   703 | D        | Noticed a centaur warrior
   703 | D        | Noticed a troll
   703 | D        | Noticed a boulder beetle
   703 | D        | Noticed a centaur warrior
   703 | D        | Noticed a deep elf pyromancer
   708 | D        | HP: 2/78 [manticore (10)]
   710 | D        | Killed a manticore
   711 | D        | Reached skill level 13 in Unarmed Combat
   711 | D        | Reached skill level 1 in Evocations
   713 | D        | Killed a troll
   715 | D        | Killed a centaur warrior
   715 | D        | Killed a deep elf pyromancer
   716 | D        | Reached XP level 9. HP: 17/75 MP: 15/21
   719 | D        | Killed a centaur warrior
   720 | D        | Reached skill level 5 in Stealth
   720 | D        | Reached skill level 14 in Unarmed Combat
   721 | D        | Killed a boulder beetle
   722 | D        | Reached skill level 1 in Ice Magic
   722 | D        | Reached XP level 10. HP: 17/84 MP: 16/22
  1122 | D        | Noticed a cane toad
  1122 | D        | Noticed a komodo dragon
  1123 | D        | Noticed a komodo dragon
  1126 | D        | Killed a cane toad
  1127 | D        | Reached skill level 10 in Fighting
  1130 | D        | Reached skill level 15 in Unarmed Combat
  1136 | D        | Killed a komodo dragon
  1140 | D        | Killed a komodo dragon
  1385 | D        | Noticed a death yak
  1388 | D        | Noticed a five-headed hydra
  1396 | D        | Killed a death yak
  1401 | D        | Reached XP level 11. HP: 77/93 MP: 19/24
  1409 | D        | Killed a five-headed hydra
  1410 | D        | Reached skill level 10 in Stealth
  1410 | D        | Reached skill level 16 in Unarmed Combat
  1695 | D        | Noticed an elephant
  1695 | D        | Noticed an elephant
  1695 | D        | Noticed an elephant
  1695 | D        | Noticed an elephant
  1695 | D        | Noticed an elephant
  1695 | D        | Noticed an elephant
  1697 | D        | Noticed a dire elephant
  1701 | D        | Killed an elephant
  1705 | D        | Killed an elephant
  1712 | D        | Killed an elephant
  1713 | D        | Reached skill level 10 in Spellcasting
  1721 | D        | Killed a dire elephant
  1727 | D        | Killed an elephant
  1728 | D        | Reached skill level 17 in Unarmed Combat
  1730 | D        | Killed an elephant
  2117 | D        | Killed an elephant
  2134 | D        | Noticed an elephant
  2139 | D        | Killed an elephant
  2206 | D        | Noticed Gastronok
  2221 | D        | Killed Gastronok
  2222 | D        | Reached skill level 18 in Unarmed Combat
  2222 | D        | Reached skill level 10 in Transmutations
  2222 | D        | Reached XP level 12. HP: 101/105 MP: 21/26
  2226 | D        | Noticed Eustachio
  2241 | D        | Killed Eustachio
  2424 | D        | Found Afafaal's Antique Weapon Emporium.
  2429 | D        | Found Athref's Distillery.
  2434 | D        | Reached skill level 19 in Unarmed Combat
  2434 | D        | Found Surr's Antique Weapon Emporium.
  2443 | D        | Found Cofu's Antique Armour Shoppe.
  2451 | D        | Noticed an orc high priest
  3153 | D        | Killed an orc high priest
  3311 | D        | Bought a potion of curing for 30 gold pieces
  3311 | D        | Bought a potion of curing for 30 gold pieces
  3311 | D        | Bought a potion of curing for 30 gold pieces
  3311 | D        | Bought a potion of heal wounds for 50 gold pieces
  3311 | D        | Bought a potion of curing for 30 gold pieces
  3311 | D        | Bought a potion of mutation for 80 gold pieces
  3311 | D        | Bought a potion of might for 40 gold pieces
  3325 | D        | Bought a smoking robe for 176 gold pieces
  3325 | D        | Identified the +4 robe of Awe {Contam rN+ Str+4} (You
                  | bought it in a shop in the Dungeon)
  3354 | D        | Noticed Urug
  3361 | D        | Killed Urug
  3362 | D        | Reached skill level 5 in Ice Magic
  3431 | D        | Noticed Josephine
  3442 | D        | Killed Josephine
  3443 | D        | Reached skill level 20 in Unarmed Combat
  3598 | D        | Bought Eclisaom's Compendium of Transmutation for 374 gold
                  | pieces
  3605 | D        | Bought a book of the Earth for 468 gold pieces
  3612 | D        | Learned a level 6 spell: Statue Form
  4662 | D        | Noticed a rakshasa
  4662 | D        | Noticed a death knight
  4668 | D        | Killed a death knight
  4669 | D        | Reached skill level 1 in Earth Magic
  4669 | D        | Reached XP level 13. HP: 114/114 MP: 21/28
  4670 | D        | Reached skill level 15 in Fighting
  4673 | D        | Reached skill level 10 in Dodging
  4676 | D        | Noticed a fire dragon
  4684 | D        | Noticed an ettin
  4686 | D        | Noticed a rakshasa
  4688 | D        | Killed a fire dragon
  4688 | D        | Noticed a stone giant
  4690 | D        | Killed an ettin
  4700 | D        | Killed a rakshasa
  4703 | D        | Killed a rakshasa
  4710 | D        | Killed a stone giant
  5054 | D        | Noticed Nessos
  5067 | D        | Shot with an arrow by Nessos

Illustrated notes

Levels and vault maps discovered:
D:        linesprint [early_d, line_temple, items_1, d_10, items_2, lair_1,
          lair_end, items_3, orc_1, orc_end, items_4, d_15, swamp_1, shoals_1,
          snake_1, spider_1, d_20, vaults_1, items_5, swamp_end, shoals_end,
          snake_end, spider_end, vaults_end, d_27, items_6, zot_1, zot_end,
          crypt_end, forest_end, elf_end, slime_end, tomb_end, abyss_end,
          pan_hell_end]

Skill      XL: |  1  2  3  4  5  6  7  8  9 10 11 12 13 |
---------------+----------------------------------------+-----
Dodging        | 2 3 4 5 6 7 9 10 | 10.5
Unarmed Combat | 4 7 9 10 12 13 14 15 18 20 | 20.7
Spellcasting   | 3 4 5 6 7 8 9 10 11 12 | 12.7
Transmutations | 4 5 6 7 8 9 10 11 12 | 12.5
Fighting       | 4 6 8 9 11 13 14 15 | 15.9
Stealth        | 1 4 6 9 10 11 | 11.9
Evocations     | 2 3 4 |  4.8
Ice Magic      | 1 2 3 5 |  5.4
Earth Magic    | 1 4 |  4.1

Action                   |  1- 3 |  4- 6 |  7- 9 | 10-12 | 13-15 || total
-------------------------+-------+-------+-------+-------+-------++-------
Melee: Unarmed           |    14 |    18 |    18 |   185 |    37 ||   272
       Kick              |     5 |       |       |       |       ||     5
       Punch             |       |       |       |     1 |     6 ||     7
 Cast: Beastly Appendage |     2 |       |       |       |       ||     2
       Ice Form          |       |     1 |     2 |    13 |       ||    16
       Wereblood         |       |     1 |     1 |    12 |       ||    14
       Statue Form       |       |       |       |     1 |     1 ||     2
Invok: Call Merchant     |       |       |       |     2 |       ||     2
Evoke: Wand              |       |       |     8 |       |     2 ||    10
  Use: Potion            |     1 |       |     6 |     1 |     4 ||    12
 Stab: Distracted        |       |       |     2 |     2 |     2 ||     6
       Invisible         |       |       |     3 |       |       ||     3
       Sleeping          |       |       |       |     1 |       ||     1
Armor: Robe              |     2 |       |       |       |     4 ||     6
       Skin              |     2 |     5 |     6 |    21 |    10 ||    44
Dodge: Dodged            |     3 |     3 |    14 |    79 |    28 ||   127

Table legend: (Time is in decaauts)
 A = Elapsed time spent in this place.
 B = Non-inter-level travel time spent in this place.
 C = Inter-level travel time spent in this place.
 D = Time resting spent in this place.
 E = Time spent auto-exploring this place.
 F = Levels seen in this place.
 G = Mean time per level.
                   A        B        C        D        E       F      G
               +--------+--------+--------+--------+--------+-----+--------+
         Total |   5008 |   5008 |      0 |   2727 |   1048 |   1 | 5008.0 |
       Dungeon |   5008 |   5008 |      0 |   2727 |   1048 |   1 | 5008.0 |
               +--------+--------+--------+--------+--------+-----+--------+

Top non-repeatable levels by time:
       D: 5008 daAuts
